 Dungeon Crawl Stone Soup version 0.21.1-1-g345015fe64 (webtiles) character file.

301 NullDivider the Charlatan (level 6, -2/32 HPs)
             Began as a Spriggan Artificer on Apr 30, 2018.
             Killed from afar by Natasha (6 damage)
             ... with a magic dart
             ... on level 4 of the Dungeon.
             The game lasted 00:17:10 (5439 turns).

NullDivider the Charlatan (Spriggan Artificer)      Turns: 5439, Time: 00:17:11

Health: -2/32      AC:  3    Str:  8    XL:     6   Next: 14%
Magic:  10/10      EV: 20    Int: 12    God:
Gold:   136        SH:  0    Dex: 19    Spells: 5/5 levels left

rFire    . . .     SeeInvis +   a - +0 short sword
rCold    + . .     Gourm    .   (shield restricted)
rNeg     . . .     Faith    .   b - +0 robe
rPois    .         Spirit   .   (helmet restricted)
rElec    .         Reflect  .   y - +0 cloak
rCorr    .         Harm     .   (gloves unavailable)
MR       +....                  (boots unavailable)
Stlth    +++.......             (no amulet)
HPRegen  0.10/turn              (no ring)
MPRegen  0.12/turn              s - ring of protection from cold

@: very quick
A: very small, unfitting armour, see invisible, herbivore, speed 3, slow
metabolism 2
a: no special abilities


You were on level 4 of the Dungeon.
You were hungry.

You visited 1 branch of the dungeon, and saw 5 of its levels.

You collected 136 gold pieces.

Inventory:

Hand Weapons
 a - a +0 short sword (weapon)
 u - a +0 hunting sling
Armour
 b - a +0 robe (worn)
 y - a +0 cloak (worn)
Jewellery
 s - a ring of protection from cold (right hand)
Wands
 d - a wand of enslavement (14)
 e - a wand of random effects (9)
 w - a wand of iceblast (7)
Scrolls
 i - 2 scrolls of blinking
 j - a scroll of magic mapping {unknown}
 k - 4 scrolls of teleportation
 m - a scroll of enchant armour
Potions
 c - a potion of agility {unknown}
 g - a potion of berserk rage {unknown}
 h - a potion of flight {unknown}
 l - 3 potions of brilliance {unknown}
 n - 2 potions of lignification {unknown}
 o - a potion of invisibility {unknown}
 q - 4 potions of curing {unknown}
 r - 3 potions of degeneration {unknown}
 t - a potion of ambrosia {unknown}
 v - a potion of mutation {unknown}
Comestibles
 f - 3 rations


   Skills:
 * Level 3.0 Fighting
 + Level 2.9 Short Blades
 + Level 4.6 Dodging
 + Level 4.1 Stealth
 + Level 5.1 Evocations


You had 5 spell levels left.
You didn't know any spells.

Dungeon Overview and Level Annotations

Branches:
Dungeon (5/15)
 Temple: D:4-7

Altars:
Dithmenos
Nemelex Xobeh

Annotations:
D:3 Thargor's ghost, amateur MiFi
D:4 Name63's ghost, amateur FoAK; Natasha


Innate Abilities, Weirdness & Mutations

You are very small and have problems with some larger weapons.
You are too small for most types of armour.
You have supernaturally acute eyesight. (SInv)
You are a herbivore.
You cover ground extremely quickly.
You need consume almost no food.


Message History

Aim: Natasha (heavily wounded) Natasha resists with significant effort.
Natasha completely misses you.
Evoke which item? (* to show all) (? for menu, Esc to quit)
Aiming: Random Effects
Press: ? - help, Shift-Dir - straight line, f/p - Natasha
Aim: Natasha (heavily wounded) Natasha flickers and vanishes for a moment.
Natasha casts a spell at you. The magic dart hits you!
* * * LOW HITPOINT WARNING * * *
Evoke which item? (* to show all) (? for menu, Esc to quit)
Aiming: Random Effects
Press: ? - help, Shift-Dir - straight line, f/p - Natasha
Aim: Natasha (heavily wounded, slightly transparent) Natasha seems to slow down.
You see here a mace.
Natasha casts a spell at you. The magic dart hits you!
You die...

#.##.# #.##.#
#.##.# #..#.#
##.#.#
######.#.#
#...h..[.#
#.####).(# #.#
##@.# #o# #.>#
#.####.### #..#
#........# #..#
#..###.#.# #..#
#
#.#.###..#####
#.#...).......#
#.###########.#
#..


You could see Natasha (invisible).

Vanquished Creatures
  An orc priest (D:4)
  An orc wizard (D:5)
  Jessica (D:2)
  Ijyb (D:3)
  Terence (D:3)
  Natasha (twice) (D:4)
  2 adders (D:2)
  3 gnolls (D:3)
  An ooze (D:2)
  2 worms (D:3)
  A leopard gecko (D:1)
  An orc (D:4)
  4 giant cockroaches
  4 goblins
  7 hobgoblins
  6 jackals
  2 quokkas
  A ball python (D:1)
  2 bats
  6 frilled lizards
  3 kobolds
  6 rats
58 creatures vanquished.

Vanquished Creatures (collateral kills)
  An adder (D:2)
  A dart slug (D:2)
2 creatures vanquished.

Vanquished Creatures (others)
  An orc (D:5)
1 creature vanquished.

Grand Total: 61 creatures vanquished

Notes
Turn   | Place    | Note
-------+----------+-------------------------------------------
     0 | D:1      | NullDivider the Spriggan Artificer began the quest for the Orb.
     0 | D:1      | Reached XP level 1. HP: 9/9 MP: 4/4
   240 | D:1      | Reached skill level 1 in Fighting
   402 | D:1      | You fall through a shaft!
   451 | D:2      | Reached XP level 2. HP: 14/14 MP: 6/6
  1613 | D:2      | Reached XP level 3. HP: 18/18 MP: 7/7
  2107 | D:2      | Noticed Jessica
  2130 | D:2      | Reached XP level 4. HP: 21/23 MP: 8/8
  2133 | D:2      | Killed Jessica
  2190 | D:3      | Noticed Ijyb
  2209 | D:3      | Killed Ijyb
  2447 | D:3      | Found a shadowy altar of Dithmenos.
  2515 | D:3      | Noticed Thargor's ghost (amateur MiFi)
  2957 | D:3      | Reached XP level 5. HP: 23/27 MP: 9/9
  3518 | D:3      | Found a sparkling altar of Nemelex Xobeh.
  3744 | D:3      | Found a faded altar of an unknown god.
  4001 | D:3      | Noticed Terence
  4020 | D:3      | Killed Terence
  4365 | D:4      | Noticed Name63's ghost (amateur FoAK)
  4466 | D:5      | Entered Level 5 of the Dungeon
  4942 | D:4      | Reached skill level 5 in Evocations
  5188 | D:4      | Noticed Natasha
  5200 | D:4      | Killed Natasha
  5200 | D:4      | Reached XP level 6. HP: 15/32 MP: 10/10
  5215 | D:4      | Noticed Natasha
  5391 | D:4      | Killed Natasha
  5422 | D:4      | Noticed Natasha
  5439 | D:4      | Killed from afar by Natasha

Skill      XL: |  1  2  3  4  5  6 |
---------------+-------------------+-----
Fighting       | 1 2 3 |  3.0
Stealth        | 2 3 4 |  4.1
Short Blades   | 2 |  2.9
Dodging        | 4 |  4.6
Evocations     | 5 |  5.1

Action                   |  1- 3 |  4- 6 || total
-------------------------+-------+-------++-------
Melee: Short sword       |   131 |   185 ||   316
Evoke: Wand              |     2 |    20 ||    22
  Use: Scroll            |     3 |     3 ||     6
 Stab: Sleeping          |     9 |     2 ||    11
  Eat: Ration            |       |     1 ||     1
Armor: Robe              |     5 |    16 ||    21
Dodge: Dodged            |   101 |   137 ||   238
